Map: Rhoskallian LE

Players

KingErebus

  • Race: Protoss Protoss
  • Spawn Location: 11:00

Mrblue

  • Race: Protoss Protoss
  • League: Bronze
  • Spawn Location: 12:00

Pwnalot - Winner!

  • Race: Zerg Zerg
  • Spawn Location: 6:00

dashhen - Winner!

  • Race: Terran Terran
  • League: Silver
  • Spawn Location: 5:00

VOD

Have the link to the VOD?

Description

Time

  • Played on: Aug. 8, 2022, 7:15 p.m.
  • Length: 10:52
Show
View Real Time Build Order
Export as new Build Order

KingErebus Protoss 

Build Orders:  

Get SALT Encoding   

  12  0:48  Probe  
  13  0:55  Pylon  
  13  1:00  Probe  
  14  1:04  Pylon  
  14  1:13  Probe  
  15  1:23  Nexus  
  15  1:32  Pylon  
  15  1:44  Forge  
  15  2:04  Gateway  
  15  2:10  Pylon  
  15  2:15  Assimilator  
  15  2:29  Photon Cannon  
  15  2:30  Photon Cannon, Probe (Chrono Boost)  
  16  2:41  Probe (Chrono Boost)  
  16  2:43  Photon Cannon  
  17  2:45  Probe (Chrono Boost)  
  17  2:50  Assimilator  
  18  2:53  Probe (Chrono Boost)  
  19  3:04  Probe (Chrono Boost)  
  20  3:05  Assimilator  
  20  3:10  Probe (Chrono Boost)  
  20  3:12  Probe (Chrono Boost)  
  22  3:18  Zealot  
  24  3:23  Cybernetics Core, Probe (Chrono Boost)  
  25  3:28  Probe (Chrono Boost)  
  25  3:30  Photon Cannon  
  25  3:32  Photon Cannon  
  26  3:35  Probe (Chrono Boost)  
  26  3:38  Probe (Chrono Boost)  
  28  3:48  Zealot  
  31  3:50  Probe (Chrono Boost)  
  31  3:52  Probe (Chrono Boost)  
  32  3:56  Probe (Chrono Boost)  
  32  3:58  Gateway  
  32  3:59  Probe (Chrono Boost)  
  32  4:01  Gateway  
  34  4:03  Gateway  
  34  4:08  Pylon  
  34  4:10  Pylon  
  34  4:22  Warp Gate (Chrono Boost)  
  34  4:26  Stalker  
  36  4:31  Gateway  
  36  4:33  Gateway  
  36  4:54  Probe (Chrono Boost)  
  37  5:02  Assimilator  
  37  5:05  Pylon, Probe (Chrono Boost)  
  38  5:09  Pylon  
  38  5:10  Probe (Chrono Boost)  
  39  5:16  Pylon  
  39  5:21  Nexus, Probe  
  40  5:24  Pylon  
  40  5:26  Pylon  
  40  5:33  Probe  
  40  5:34  Stalker  
  40  5:35  Stalker x5  
  53  5:49  Protoss Ground Weapons Level 1  
  53  5:50  Twilight Council  
  53  5:56  Pylon  
  53  6:00  Pylon  
  53  6:04  Stalker  
  53  6:05  Stalker x5  
  65  6:24  Forge  
  65  6:31  Dark Shrine  
  65  6:34  Blink, Stalker  
  67  6:43  Twilight Council  
  37  7:18  Stalker  
  37  7:19  Stalker x3  
  37  7:20  Stalker x2  
  32  8:06  Probe (Chrono Boost)  
  33  8:12  Stalker  
  33  8:13  Stalker x4  
  33  8:14  Stalker  
  33  8:17  Probe (Chrono Boost)  
  47  8:21  Probe (Chrono Boost)  
  47  8:24  Protoss Shields Level 1  
  47  8:26  Probe (Chrono Boost)  
  48  8:27  Charge  
  48  8:29  Probe (Chrono Boost)  
  50  8:35  Probe x2 (Chrono Boost)  
  53  8:49  Probe x2 (Chrono Boost)  
  53  8:52  Probe (Chrono Boost)  
  54  8:57  Probe  
  55  9:29  Probe (Chrono Boost)  
  56  9:35  Probe (Chrono Boost)  
  56  9:37  Probe (Chrono Boost)  
  58  9:43  Probe (Chrono Boost)  
  58  9:44  Probe (Chrono Boost)  
  61  9:46  Probe (Chrono Boost)  
  61  9:51  Probe (Chrono Boost)  
  61  9:52  Probe (Chrono Boost)  
  64  9:55  Probe x2 (Chrono Boost)  
  64  9:59  Probe  
  27  10:39  Stalker  
  27  10:40  Stalker x4  
  27  10:41  Stalker  
Show
View Real Time Build Order
Export as new Build Order

Mrblue Protoss 

Build Orders:  

Get SALT Encoding   

  12  0:08  Assimilator  
  12  0:14  Probe (Chrono Boost)  
  13  0:24  Pylon  
  13  0:33  Probe  
  14  0:45  Probe  
  15  0:57  Probe  
  16  1:07  Assimilator  
  16  1:14  Assimilator  
  16  1:25  Probe  
  17  1:36  Gateway  
  17  1:37  Probe  
  18  1:43  Forge  
  18  1:50  Probe  
  19  2:02  Probe  
  20  2:08  Assimilator  
  20  2:28  Zealot  
  22  3:58  Zealot  
  22  4:11  Probe  
  23  6:37  Probe  
  4  6:49  Probe  
  3  8:34  Probe  
  4  8:42  Probe  
  5  8:51  Probe  
  6  9:04  Probe  
  7  9:16  Probe  
  8  9:24  Probe  
  9  9:34  Probe  
Show
View Real Time Build Order
Export as new Build Order

Pwnalot Zerg - Winner!

Build Orders: Pool First 

Get SALT Encoding   

  12  0:01  Drone  
  13  0:13  Overlord  
  13  0:19  Drone  
  14  0:28  Extractor  
  13  0:30  Drone  
  13  0:32  Drone  
  15  0:36  Drone  
  16  0:48  Drone  
  17  0:58  Spawning Pool  
  17  0:59  Drone  
  17  1:08  Drone  
  18  1:19  Drone  
  19  1:29  Drone  
  20  1:43  Drone  
  20  1:45  Hatchery  
  20  1:50  Lair  
  20  1:53  Extractor  
  19  1:56  Drone  
  20  2:01  Drone  
  21  2:14  Overlord  
  21  2:24  Drone  
  22  2:41  Roach Warren  
  21  2:49  Spire, Queen  
  22  2:57  Queen  
  24  3:02  Drone  
  25  3:08  Drone  
  25  3:09  Drone  
  25  3:12  Drone  
  28  3:19  Drone x2  
  30  3:23  Extractor  
  29  3:32  Drone x2, Extractor  
  29  3:34  Drone  
  31  3:41  Overlord  
  31  3:45  Drone  
  32  3:57  Drone  
  32  3:58  Drone x2  
  35  4:05  Drone  
  35  4:06  Drone x2  
  35  4:09  Overlord  
  38  4:16  Mutalisk  
  40  4:21  Mutalisk  
  42  4:30  Zerg Flyer Weapons Level 1  
  42  4:36  Mutalisk  
  44  4:38  Mutalisk  
  44  4:43  Overlord  
  46  4:47  Overlord  
  46  4:53  Mutalisk  
  46  4:57  Mutalisk  
  50  5:02  Mutalisk  
  50  5:07  Mutalisk  
  52  5:11  Mutalisk  
  56  5:17  Overlord  
  56  5:22  Mutalisk  
  56  5:26  Mutalisk  
  60  5:31  Mutalisk  
  62  5:36  Mutalisk  
  62  5:40  Mutalisk  
  66  5:45  Mutalisk  
  68  5:52  Overlord  
  68  5:55  Overlord  
  68  6:10  Drone x5  
  68  6:11  Drone  
  74  6:19  Drone  
  74  6:20  Drone x3  
  76  7:09  Roach x5  
  76  7:10  Roach x3  
  76  7:11  Overlord x2  
  74  7:57  Overseer x2  
  72  8:05  Spore Crawler, Spine Crawler  
  70  8:12  Spine Crawler  
  69  8:15  Spore Crawler  
  69  8:19  Spine Crawler  
  67  8:21  Spine Crawler  
  67  8:22  Spine Crawler  
  67  8:23  Overseer, Spore Crawler  
  64  8:27  Spore Crawler x2  
  64  8:31  Drone x2  
  64  8:32  Drone, Overlord x3  
  65  8:36  Pneumatized Carapace  
  67  8:55  Roach  
  67  8:56  Roach x3  
  67  9:00  Glial Reconstitution  
  73  9:07  Hatchery  
  72  9:11  Evolution Chamber  
  72  9:13  Evolution Chamber, Roach x5  
  72  9:14  Roach x2  
  84  9:26  Roach x5  
  94  9:32  Mutalisk  
  96  9:50  Roach x5  
Show
View Real Time Build Order
Export as new Build Order

dashhen Terran - Winner!

Build Orders:  

Get SALT Encoding   

  12  0:07  SCV  
  13  0:20  SCV  
  14  0:27  Supply Depot  
  14  0:51  Barracks  
  14  0:52  SCV  
  14  0:57  Supply Depot  
  16  1:04  SCV  
  16  1:16  SCV  
  17  1:24  Barracks  
  17  1:28  SCV  
  17  1:31  Barracks  
  18  1:40  SCV  
  18  1:43  Marine  
  20  1:52  SCV  
  21  2:01  Marine  
  22  2:10  Marine  
  23  2:18  Marine  
  23  2:19  Orbital Command  
  24  2:28  Marine  
  25  2:36  Marine  
  26  2:43  Marine  
  27  2:46  Marine  
  28  2:54  Marine  
  29  3:00  Command Center  
  29  3:01  Marine  
  29  3:04  Marine  
  31  3:15  Refinery x2  
  31  3:16  Engineering Bay  
  31  3:35  Supply Depot  
  31  3:44  Supply Depot  
  31  3:57  SCV  
  31  3:58  Supply Depot  
  32  4:09  SCV  
  33  4:11  Supply Depot  
  33  4:16  Barracks Tech Lab x3  
  33  4:21  SCV, Supply Depot  
  34  4:33  Factory  
  34  4:35  SCV  
  35  4:44  SCV  
  36  4:45  Supply Depot  
  36  4:47  SCV  
  37  4:53  Supply Depot  
  37  4:56  SCV  
  39  5:00  SCV  
  39  5:08  SCV, Supply Depot  
  39  5:13  Combat Shield, Stimpack  
  40  5:15  Marine  
  40  5:16  Marine, Supply Depot  
  40  5:17  Marauder  
  40  5:20  SCV  
  45  5:32  SCV  
  46  5:36  Starport  
  46  5:41  Refinery  
  46  5:43  Refinery  
  46  5:44  SCV x2  
  48  5:51  Marauder  
  48  5:54  Concussive Shells  
  48  5:56  SCV  
  48  5:57  SCV, Factory Tech Lab  
  52  6:08  SCV  
  52  6:09  SCV  
  54  6:16  Starport  
  54  6:17  Starport Tech Lab  
  54  6:20  Marauder  
  54  6:21  Marine, SCV, Marauder  
  60  6:36  SCV  
  60  6:37  SCV  
  60  6:38  Marine  
  63  6:48  SCV  
  63  6:50  SCV  
  65  7:00  SCV  
  66  7:02  SCV  
  67  7:36  Marauder x3  
  73  7:40  Starport Tech Lab  
  73  7:42  Medivac  
  75  7:57  Marauder x3  
  81  7:59  Terran Infantry Armor Level 1  
  81  8:04  Engineering Bay  
  81  8:08  Supply Depot  
  81  8:10  Supply Depot  
  81  8:12  Medivac  
  83  8:18  Marine x3  
  86  8:20  Missile Turret  
  86  8:31  Supply Depot  
  86  8:35  Missile Turret  
  86  8:36  Marine, Supply Depot  
  87  8:42  Medivac  
  87  8:45  Missile Turret  
  87  8:46  Marauder  
  87  8:47  Marauder  
  93  8:53  Supply Depot x2  
  93  8:54  Marauder  
  95  8:58  Supply Depot  
  95  8:59  Orbital Command  
  95  9:06  Missile Turret  
  95  9:07  Marine  
  95  9:08  Marauder  
  98  9:15  Marine  
  99  9:25  Marine  
  99  9:30  Missile Turret  
  100  9:40  Marauder x2  
  100  9:44  Marauder  
  106  10:01  Marauder  
Tags
 
Add a new tag
Caveats
  • Supply blocks, unpowered buildings, or Contaminate may cause inaccurate times.
  • Supply counts are checked every 10 seconds.